 Dungeon Crawl Stone Soup version 0.29-a0-334-gb41bcbb86e (webtiles) character file.

Game seed: 1254296510289880657

3213 spaghetti the Fighter (level 9, -3/76 HPs)
             Began as a Demonspawn Earth Elementalist on Apr 15, 2022.
             Was an Elder of Vehumet.
             Slain by a boulder beetle (49 damage)
             ... on level 7 of the Dungeon.
             The game lasted 00:15:18 (7978 turns).

spaghetti the Fighter (DsEE)                        Turns: 7978, Time: 00:15:18

Health: -3/76      AC:  9    Str: 15    XL:     9   Next: 65%
Magic:  14/17      EV: 12    Int: 27    God:    Vehumet [****..]
Gold:   125        SH:  0    Dex: 13    Spells: 9/19 levels left

rFire   . . .      SeeInvis .   C - +1 scimitar "Exzaesesk" {freeze, Str+6, long}
rCold   . . .      Faith    .   (no shield)
rNeg    . . .      Spirit   .   E - +0 steam dragon scales
rPois   .          Reflect  .   F - +0 helmet
rElec   .          Harm     .   (no cloak)
rCorr   .          Rampage  .   j - +0 pair of gloves
Will    .....                   (no boots)
Stlth   ++........              (no amulet)
HPRegen 0.22/turn               s - +6 ring of intelligence
MPRegen 0.15/turn               (no ring)

@: no status effects
A: molten scales 1, demonic guardian 2, demonic magic 1, demonic touch 2
a: Renounce Religion


You were on level 7 of the Dungeon.
You worshipped Vehumet.
Vehumet was greatly pleased with you.
You visited 1 branch of the dungeon, and saw 7 of its levels.

You collected 359 gold pieces.
You spent 234 gold pieces at shops.


Innate Abilities, Weirdness & Mutations

You are partially covered in molten scales. (AC +2)
A demonic guardian rushes to your aid.
Spells you cast may paralyse adjacent enemies.
Your touch may inflict irresistible damage on your foes.


   Skills:
 + Level 9.0 Fighting
 - Level 1.7 Dodging
 - Level 1.7 Stealth
 + Level 5.6 Spellcasting
 - Level 6.0 Conjurations
 - Level 0.8 Transmutations
 - Level 3.0 Air Magic
 - Level 5.0 Earth Magic


You had 9 spell levels left.
You knew the following spells:

 Your Spells              Type           Power      Damage    Failure   Level
a - Sandblast             Erth           68%        2d15      1%          1
b - Stone Arrow           Conj/Erth      74%        3d11      1%          3
c - Mephitic Cloud        Conj/Pois/Air  23%        N/A       1%          3
d - Swiftness             Air            23%        N/A       6%          3

Your spell library contained the following spells:

 Spells                   Type           Power      Damage    Failure   Level
 Foxfire                  Conj/Fire      92%        2x1d8     1%          1
 Shock                    Conj/Air       100%       1d9       1%          1
 Conjure Flame            Conj/Fire      23%        6-21      1%          3
 Passwall                 Tmut/Erth      19%        N/A       3%          2
 Inner Flame              Hex/Fire       7%         N/A       5%          3
 Airstrike                Air            11%        N/A       5%          4
 Flame Wave               Conj/Fire      23%        2d7       5%          4
 Petrify                  Tmut/Erth      23%        N/A       21%         4

Inventory:

Hand Weapons
 h - a +1 whip of freezing {mace}
   (You took it off a kobold on level 1 of the Dungeon)
 o - a +0 dagger of protection {short}
   (You took it off a kobold on level 2 of the Dungeon)
 u - a +2 dagger of venom {short}
   (You found it on level 3 of the Dungeon)
 C - the +1 scimitar "Exzaesesk" (weapon) {freeze, Str+6, long}
   (You bought it in a shop on level 5 of the Dungeon)

   It freezes those it strikes, dealing additional cold damage.
   It can also slow down cold-blooded creatures.
   Str:       It affects your strength (+6).
Missiles
 a - 186 stones {throwing}
 e - 8 poisoned darts {throwing}
 x - 9 atropa-tipped darts {throwing}
 G - 2 datura-tipped darts {throwing}
Armour
 j - a +0 pair of gloves (worn)
   (You found it on level 1 of the Dungeon)
 E - +0 steam dragon scales (worn)
   (You found it on level 6 of the Dungeon)
 F - a +0 helmet (worn)
   (You found it on level 7 of the Dungeon)
Magical Staves
 m - a staff of poison {!astaff}
   (You found it on level 2 of the Dungeon)
Jewellery
 l - a ring of positive energy
   (You found it on level 2 of the Dungeon)
 s - a +6 ring of intelligence (left hand)
   (You took it off an orc on level 3 of the Dungeon)
Wands
 H - a wand of polymorph (7)
   (You took it off Joseph on level 7 of the Dungeon)
Scrolls
 b - a scroll of blinking {!r}
 f - a scroll of brand weapon {unknown}
 g - 2 scrolls of magic mapping {!r}
 n - a scroll of holy word {!r}
 p - a scroll of fog
 q - 2 scrolls of teleportation {@r4}
 r - 2 scrolls of enchant armour
 w - a scroll of silence {!r}
 y - 4 scrolls of enchant weapon {unknown}
 z - 2 scrolls of fear {unknown}
 D - a scroll of vulnerability {unknown}
 I - a scroll of identify {@r1}
Potions
 d - 5 potions of curing {unknown}
 i - 5 potions of might {unknown}
 k - 2 potions of degeneration {unknown}
 t - 3 potions of lignification {unknown}
 v - a potion of brilliance {unknown}
 A - a potion of heal wounds {unknown}
 B - a potion of cancellation {unknown}

Dungeon Overview and Level Annotations

Branches:
Dungeon (7/15)             Temple (0/1) D:7

Altars:
Hepliaklqana
Qazlal
Ru
Sif Muna
Vehumet

Shops:
D:5 *   D:7 *(([

Annotations:
D:5 3 runed translucent doors, ArthosElwyn's ghost, amateur MfGl; bronco's ghost, weakling GrDe; tygarin's ghost, novice DjIE; zeratav's ghost, novice OpTm

...##...#.###
...##..####
...##..##############
...##...........#...#
.......##.#####.#.#.#
.......##.#...#.#.#.#
.......##...#.#...#.#
.......############.#
..#....##...°°○B@...#
#.####.##.#.#########
...# #.##.#B# .#.#
###°# .# #.○.# .#
#.### .# #.).# .#
#.#.### .# #.#)#..


You could see a boulder beetle (rolling).


Message History

The stone arrow hits the boulder beetle.
Malevolent energies surge around you.
The boulder beetle closely misses you. 😎 MP[-3]
You lost 3 mp, and now have 3/17 mp.
Casting: Stone Arrow (safe; 1% risk of failure)
Confirm with . or Enter, or press ? or * to list all spells.
Aiming: Sandblast (safe; 1% risk of failure)
Press: ? - help, Shift-Dir - straight line, f/p - boulder beetle
Aim: a boulder beetle (severely wounded, 100% to hit)
The blast of sand hits the boulder beetle but does no damage.
Malevolent energies surge around you.
The boulder beetle bites you!! 😮 HP[-19] MP[-1]
You take 19 damage, and now have 57/76 hp.
MASSIVE DAMAGE!! (PAUSE)
You lost 1 mp, and now have 2/17 mp.
Casting: Sandblast (safe; 1% risk of failure)
Confirm with . or Enter, or press ? or * to list all spells.
Aiming: Sandblast (safe; 1% risk of failure)
Press: ? - help, Shift-Dir - straight line, f/p - boulder beetle
Aim: a boulder beetle (severely wounded, 100% to hit)
The blast of sand hits the boulder beetle but does no damage.
Malevolent energies surge around you.
The boulder beetle bites you! 😮 HP[-11] MP[-1]
You take 11 damage, and now have 46/76 hp.
You lost 1 mp, and now have 1/17 mp.
Casting: Sandblast (safe; 1% risk of failure)
Confirm with . or Enter, or press ? or * to list all spells.
Aiming: Sandblast (safe; 1% risk of failure)
Press: ? - help, Shift-Dir - straight line, f/p - boulder beetle
Aim: a boulder beetle (severely wounded, 100% to hit)
The blast of sand hits the boulder beetle but does no damage.
Malevolent energies surge around you.
The boulder beetle suddenly stops moving!
The helpless boulder beetle fails to defend itself.
You hit the boulder beetle. You freeze the boulder beetle. 😮 HP[+1]
The helpless boulder beetle fails to defend itself.
You hit the boulder beetle but do no damage.
The boulder beetle is no longer paralysed.
The boulder beetle bites you. 😮 HP[-5]
You take 5 damage, and now have 42/76 hp.
You hit the boulder beetle but do no damage.
The boulder beetle leaps!
Casting: Sandblast (safe; 1% risk of failure)
Confirm with . or Enter, or press ? or * to list all spells.
You can't see any susceptible monsters within range! (Use Z to cast anyway.) 😮 HP[+1] 😮 MP[+1]
Things that are here:
a +0 morningstar of protection {mace}; +0 swamp dragon scales
Things that are here:
a +0 quarterstaff {staff}; a +0 hunting sling {sling}; a +0 chain mail 😮 HP[+1]
Casting: Sandblast (safe; 1% risk of failure)
Confirm with . or Enter, or press ? or * to list all spells.
You can't see any susceptible monsters within range! (Use Z to cast anyway.) 😮 MP[+1] 😮 HP[+1]
You start resting.
A boulder beetle is nearby!
Casting: Sandblast (safe; 1% risk of failure)
Confirm with . or Enter, or press ? or * to list all spells.
Aiming: Stone Arrow (safe; 1% risk of failure)
Press: ? - help, Shift-Dir - straight line, f/p - boulder beetle
Aim: a boulder beetle (heavily wounded, 100% to hit)
The stone arrow hits the boulder beetle but does no damage.
Malevolent energies surge around you.
The boulder beetle curls into a ball and begins rolling! 😮 MP[-3]
You lost 3 mp, and now have 0/17 mp. 😮 HP[+1] 😮 MP[+1]
Okay, then.
Okay, then.
Really read
b - 2 scrolls of blinking {!r}?
Blink to where?
Press: ? - help, Dir - move target, p - boulder beetle
As you read the scroll of blinking {!r}, it crumbles to dust.
Okay, then.
Okay, then.
Okay, then.
Okay, then.
Unknown command.
Okay, then.
Casting: Stone Arrow (safe; 1% risk of failure)
Confirm with . or Enter, or press ? or * to list all spells.
You don't have enough magic to cast this spell.
Magic courses through your body. 😮 MP[+16]
Your mp is fully restored (17).
Casting: Stone Arrow (safe; 1% risk of failure)
Confirm with . or Enter, or press ? or * to list all spells.
Aiming: Stone Arrow (safe; 1% risk of failure)
Press: ? - help, Shift-Dir - straight line, f - boulder beetle
Aim: a boulder beetle (heavily wounded, rolling, 100% to hit)
The stone arrow hits the boulder beetle!
Malevolent energies surge around you. The boulder beetle hits you!!!
Ouch! That really hurt!
You die...

Skill      XL: |  1  2  3  4  5  6  7  8  9 |
---------------+----------------------------+-----
Earth Magic    | 3 4 5 |  5.0
Conjurations   | 1 3 5 6 |  6.0
Spellcasting   | 3 5 |  5.6
Fighting       | 6 7 9 |  9.0
Air Magic      | 1 3 |  3.0
Dodging        | |  1.7
Stealth        | |  1.7
Transmutations | |  0.8

Action                   |  1- 3 |  4- 6 |  7- 9 || total
-------------------------+-------+-------+-------++-------
Melee: Unarmed           |     2 |       |       ||     2
       Whip              |     8 |     2 |       ||    10
       Touch             |     1 |       |    11 ||    12
       Staff             |       |     4 |       ||     4
       Dagger            |       |     1 |       ||     1
       Scimitar          |       |       |    30 ||    30
       Punch             |       |       |     1 ||     1
 Cast: Sandblast         |    56 |    35 |    29 ||   120
       Stone Arrow       |       |    32 |    81 ||   113
       Mephitic Cloud    |       |       |     2 ||     2
  Use: Scroll            |       |     6 |     2 ||     8
       Potion            |       |       |     1 ||     1
 Stab: Paralysed         |       |       |    18 ||    18
       Confused          |       |       |     1 ||     1
Armor: Robe              |     4 |     5 |     1 ||    10
       Steam dragon scal |       |       |     5 ||     5
Dodge: Dodged            |    20 |     9 |    31 ||    60

Levels and vault maps discovered:
D:1:      scummos_arrival_hexagon, layout_basic,
          dreamdust_ecumenical_altar_grove
D:2:      layout_basic, minmay_split_cup_small
D:3:      layout_basic, palyth_stone_intersect, uniq_sigmund
D:4:      layout_basic, nicolae_sif_muna_little_library
D:5:      layout_loops_cross, nicolae_ru_path_of_blood, serial_shops,
          nicolae_shop_advertising_works [nicolae_subvault_shop_adworks],
          gammafunk_ghost_cemetery
D:6:      layout_loops_ring, nicolae_overflow_crystal_walls,
          kennysheep_generic_room_11, uniq_pikel
D:7:      layout_basic, nicolae_ashenzari_skybound,
          nicolae_hepliaklqana_ecumenical_no_more, minmay_temple_entry_tees,
          serial_shops, shop, nicolae_stop_n_shop_2,
          nicolae_shop_temple_entry_statues_fountains, shop_statue, shop,
          wad_mini_maze, uniq_duvessa, uniq_joseph, uniq_maggie

Notes
Turn   | Place    | Note
-------+----------+-------------------------------------------
     0 | D:1      | spaghetti the Demonspawn Earth Elementalist began the quest
                  | for the Orb.
     0 | D:1      | Reached XP level 1. HP: 13/13 MP: 3/3
     0 | D:1      | magus.rc [v1.9.6]
   148 | D:1      | Reached skill level 3 in Earth Magic
   269 | D:1      | Gained mutation: Your touch may inflict minor irresistible
                  | damage on your foes. [demonic ancestry]
   269 | D:1      | Reached XP level 2. HP: 19/19 MP: 1/5
   464 | D:1      | Found a faded altar of an unknown god.
   482 | D:1      | Prayed at the altar of an unknown god.
   482 | D:1      | Became a worshipper of Vehumet
   482 | D:1      | Reached * piety under Vehumet
   482 | D:1      | Offered knowledge of Magic Dart by Vehumet.
  1120 | D:1      | You pick up a book of Flames and begin reading...
  1120 | D:1      | You add the spells Foxfire, Conjure Flame, Inner Flame and
                  | Flame Wave to your library.
  1235 | D:2      | Gained mutation: You are partially covered in molten
                  | scales. (AC +2) [demonic ancestry]
  1235 | D:2      | Reached XP level 3. HP: 24/24 MP: 6/6
  1324 | D:2      | Identified the +2 leather armour "Ceteip" {rN+++ Regen+
                  | Int-4 SInv}
  1449 | D:2      | Reached ** piety under Vehumet
  1450 | D:2      | Reached skill level 4 in Earth Magic
  1451 | D:2      | Offered knowledge of Poisonous Vapours by Vehumet.
  1460 | D:2      | Learned a level 3 spell: Stone Arrow
  1754 | D:2      | Reached skill level 1 in Conjurations
  1754 | D:2      | Gained mutation: Your touch may inflict irresistible damage
                  | on your foes. [demonic ancestry]
  1754 | D:2      | Reached XP level 4. HP: 30/30 MP: 4/7
  2081 | D:2      | You pick up a book of Air and begin reading...
  2081 | D:2      | You add the spells Shock, Swiftness and Airstrike to your
                  | library.
  2526 | D:3      | Reached skill level 2 in Conjurations
  2603 | D:3      | Noticed Sigmund
  2606 | D:3      | Killed Sigmund
  2607 | D:3      | Reached skill level 3 in Spellcasting
  2607 | D:3      | Reached skill level 3 in Conjurations
  2607 | D:3      | Gained mutation: A weak demonic guardian rushes to your
                  | aid. [demonic ancestry]
  2607 | D:3      | Reached XP level 5. HP: 29/35 MP: 0/9
  2607 | D:3      | Reached XP level 6. HP: 34/41 MP: 0/10
  2769 | D:3      | Offered knowledge of Dazzling Flash by Vehumet.
  3612 | D:4      | Reached skill level 4 in Conjurations
  3612 | D:4      | Reached skill level 5 in Earth Magic
  3914 | D:4      | Found a shimmering blue altar of Sif Muna.
  4284 | D:5      | Entered Level 5 of the Dungeon
  4285 | D:5      | Noticed zeratav's ghost (novice OpTm)
  4286 | D:5      | Found a runed translucent gate.
  4286 | D:5      | Found a runed translucent gate.
  4286 | D:5      | Found a runed translucent gate.
  4286 | D:5      | Noticed tygarin's ghost (novice DjIE)
  4286 | D:5      | Noticed bronco's ghost (weakling GrDe)
  4287 | D:5      | Noticed ArthosElwyn's ghost (amateur MfGl)
  4405 | D:5      | Reached *** piety under Vehumet
  4490 | D:5      | Reached skill level 5 in Conjurations
  4490 | D:5      | Gained mutation: A demonic guardian rushes to your aid.
                  | [demonic ancestry]
  4490 | D:5      | Reached XP level 7. HP: 46/46 MP: 8/11
  4858 | D:5      | Found a sacrificial altar of Ru.
  4936 | D:5      | Found Fugi's Assorted Antiques.
  4944 | D:5      | Bought a slimy scimitar for 234 gold pieces
  4944 | D:5      | Identified the +1 scimitar "Exzaesesk" {freeze, Str+6} (You
                  | bought it in a shop on level 5 of the Dungeon)
  5218 | D:6      | Reached skill level 6 in Conjurations
  5218 | D:6      | Reached skill level 1 in Fighting
  5401 | D:6      | Noticed a steam dragon
  5409 | D:6      | HP: 12/48 [steam dragon (2)]
  5409 | D:6      | Killed a steam dragon
  5410 | D:6      | Reached skill level 3 in Fighting
  5657 | D:6      | Noticed Pikel
  5666 | D:6      | Killed Pikel
  5667 | D:6      | Reached skill level 6 in Fighting
  5667 | D:6      | Gained mutation: Spells you cast may paralyse adjacent
                  | enemies. [demonic ancestry]
  5667 | D:6      | Reached XP level 8. HP: 64/64 MP: 2/12
  6268 | D:6      | Found a stormy altar of Qazlal.
  6273 | D:6      | Reached skill level 7 in Fighting
  6561 | D:6      | Offered knowledge of Mephitic Cloud by Vehumet.
  6566 | D:6      | Learned a level 3 spell: Mephitic Cloud
  6570 | D:6      | Learned a level 3 spell: Swiftness
  6813 | D:7      | Found a staircase to the Ecumenical Temple.
  6884 | D:7      | Noticed Dowan
  6885 | D:7      | Noticed Duvessa
  6888 | D:7      | Reached skill level 1 in Air Magic
  7009 | D:7      | Killed Duvessa
  7113 | D:7      | Reached XP level 9. HP: 73/73 MP: 9/14
  7115 | D:7      | Killed Dowan
  7116 | D:7      | Reached skill level 2 in Air Magic
  7189 | D:7      | Found Woloph's Antique Armour Shoppe.
  7207 | D:7      | Reached skill level 4 in Spellcasting
  7257 | D:7      | Reached skill level 8 in Fighting
  7440 | D:7      | Found Oxyj Tae's Weapon Boutique.
  7447 | D:7      | Reached skill level 3 in Air Magic
  7558 | D:7      | Found Niosch's Weapon Shop.
  7566 | D:7      | Found Yjavaux's General Store.
  7589 | D:7      | Found a faded altar of an unknown god.
  7589 | D:7      | Found a faded altar of an unknown god.
  7591 | D:7      | Found a hazy altar of Hepliaklqana.
  7798 | D:7      | Noticed Maggie
  7806 | D:7      | Killed Maggie
  7807 | D:7      | Reached skill level 5 in Spellcasting
  7844 | D:7      | Noticed Joseph
  7859 | D:7      | Killed Joseph
  7859 | D:7      | Reached **** piety under Vehumet
  7860 | D:7      | Reached skill level 9 in Fighting
  7944 | D:7      | Noticed a boulder beetle
  7978 | D:7      | Slain by a boulder beetle

Vanquished Creatures
  Pikel (D:6)
  Joseph (D:7)
  Maggie (D:7)
  Sigmund (D:3)
  Duvessa (D:7)
  An ice beast (D:7)
  An orc warrior (D:7)
  A centaur (D:6)
  A phantom (D:5)
  A bullfrog (D:7)
  A gnoll sergeant (D:6)
  A necrophage (D:7)
  A scorpion (D:4)
  5 wights (D:7)
  Dowan (D:7)
  2 howler monkeys
  5 hounds
  A jelly (D:3)
  A gnoll shaman (D:6)
  4 orc priests
  3 iguanas
  An orc wizard (D:6)
  6 adders
  15 gnolls
  A white imp (D:7)
  A worm (D:3)
  4 dart slugs
  13 orcs
  8 ball pythons
  7 endoplasms
  3 giant cockroaches
  5 goblins
  11 hobgoblins
  5 kobolds
  8 quokkas
  7 bats
  8 frilled lizards
  4 rats
142 creatures vanquished.

Vanquished Creatures (collateral kills)
  A steam dragon (D:6)
  An orc priest (D:7)
2 creatures vanquished.

Vanquished Creatures (others)
  2 withered plants (D:5)
2 creatures vanquished.

Grand Total: 146 creatures vanquished

Table legend:
 A = Non-vault XP
 B = Vault XP
 C = Vault XP percentage of total XP
 D = Non-vault monster count
 E = Vault monster count
 F = Vault count percentage of total count
                 A         B        C        D         E       F
            +---------+---------+-------+---------+---------+-------
      Total |    2547 |    2044 |  44.5 |     134 |      10 |   6.9
            +---------+---------+-------+---------+---------+-------
        D:1 |      35 |       0 |   0.0 |      22 |       0 |   0.0
        D:2 |     110 |       4 |   3.5 |      26 |       3 |  10.3
        D:3 |     126 |     223 |  63.9 |      24 |       1 |   4.0
        D:4 |     104 |       0 |   0.0 |       6 |       0 |   0.0
        D:5 |     299 |       0 |   0.0 |      12 |       0 |   0.0
        D:6 |     807 |     673 |  45.5 |      25 |       1 |   3.8
        D:7 |    1066 |    1144 |  51.8 |      19 |       5 |  20.8
            +---------+---------+-------+---------+---------+-------

Illustrated notes

Table legend:
 A = Kills in this place as a percentage of kills in entire the game.
 B = Kills by you in this place as a percentage of kills by you in the entire game.
 C = Kills by friends in this place as a percentage of kills by friends in the entire game.
 D = Other kills in this place as a percentage of other kills in the entire game.
 E = Experience gained in this place as a percentage of experience gained in the entire game.
 F = Experience gained in this place divided by the number of levels of this place that you have seen.
                   A       B       C       D       E      F
               +-------+-------+-------+-------+-------+----------------------
         Total | 100.0 | 100.0 | 100.0 |   N/A | 100.0 | 655.9
       Dungeon | 100.0 | 100.0 | 100.0 |   N/A | 100.0 | 655.9
               +-------+-------+-------+-------+-------+----------------------

Table legend: (Time is in decaauts)
 A = Elapsed time spent in this place.
 B = Non-inter-level travel time spent in this place.
 C = Inter-level travel time spent in this place.
 D = Time resting spent in this place.
 E = Time spent auto-exploring this place.
 F = Levels seen in this place.
 G = Mean time per level.
                   A        B        C        D        E       F      G
               +--------+--------+--------+--------+--------+-----+--------+
         Total |   7992 |   7707 |    285 |    765 |   6077 |   7 | 1141.7 |
       Dungeon |   7992 |   7707 |    285 |    765 |   6077 |   7 | 1141.7 |
               +--------+--------+--------+--------+--------+-----+--------+

Top non-repeatable levels by time:
     D:6: 1597 daAuts
     D:2: 1296 daAuts
     D:3: 1141 daAuts
     D:1: 1124 daAuts
     D:5: 1098 daAuts
     D:7: 1015 daAuts
     D:4: 719 daAuts
